 Dungeon Crawl Stone Soup version 0.20-a0-210-gd6c29eb (webtiles) character file.

7878 AlphabetPasta the Reanimator (level 11, -9/66 HPs)
             Began as a Gargoyle Necromancer on Nov 25, 2016.
             Was a Priest of Ashenzari.
             Mangled by a hill giant
             ... wielding a +0 giant club
              (39 damage)
             ... on level 10 of the Dungeon on Nov 26, 2016.
             The game lasted 01:20:12 (11995 turns).

AlphabetPasta the Reanimator (GrNe)                Turns: 11995, Time: 01:20:13

Health: -9/66      AC: 15    Str: 12    XL:     11   Next: 22%
Magic:  28/45      EV: 19    Int: 19    God:    Ashenzari [***...]
Gold:   932        SH:  6    Dex: 10    Spells: 8/24 levels left

rFire  . . .     SeeInvis +     s - staff of power
rCold  . . .     Gourm    .     a - +0 robe
rNeg   + . .     Faith    .     D - +2 buckler {AC+3}
rPois  ∞         Spirit   .     (no helmet)
rElec  +         Reflect  .     k - +2 cloak {rPois}
rCorr  .         Harm     .     (no gloves)
MR     .....                    (no boots)
Stlth  ++........               (no amulet)
                                F - +6 ring of evasion
                                i - ring of magical power

@: no status effects
A: negative energy resistance 1, electricity resistance, unbreathing,
petrification resistance, rot immunity, AC +7
a: Curse Item, Scrying, Renounce Religion


You were on level 10 of the Dungeon.
You worshipped Ashenzari.
Ashenzari was most pleased with you.
You were not hungry.

You visited 2 branches of the dungeon, and saw 11 of its levels.
You also visited: Bailey.

You collected 932 gold pieces.

Inventory:

Hand Weapons
 r - a +1 flail
 y - a +0 morningstar
Missiles
 m - 3 javelins (quivered)
Armour
 a - a +0 robe (worn)
 k - a +2 cloak of poison resistance (worn)
 D - a +2 buckler of protection (worn)
Magical Staves
 s - an uncursed staff of power (weapon)
Jewellery
 e - an uncursed ring of protection from cold
 f - an uncursed ring of see invisible
 i - a ring of magical power (left hand)
 q - an uncursed ring of fire
 F - a +6 ring of evasion (right hand)
Wands
 t - a wand of slowing (0/48)
 w - a wand of enslavement (11/24)
 A - a wand of paralysis (10/24)
 C - a wand of disintegration (1/24)
 E - a wand of hasting (6/9)
 M - a wand of teleportation (7/9)
Scrolls
 h - a scroll of blinking
 n - 8 scrolls of teleportation
 o - 4 scrolls of remove curse
 p - 6 scrolls of amnesia
 u - 3 scrolls of fog
 v - 2 scrolls of enchant armour
 B - 2 scrolls of identify
 I - a scroll of recharging
 L - a scroll of fear
Potions
 d - 6 potions of curing
 g - 6 potions of brilliance
 j - a potion of magic
 z - 2 potions of cancellation
Books
 b - a book of Necromancy

   Spells                             Type                      Level
   a - Pain                           Necromancy                   1
   b - Animate Skeleton               Necromancy                   1
   c - Vampiric Draining              Necromancy                   3
   d - Regeneration                   Charms/Necromancy            3
   e - Animate Dead                   Necromancy                   4
   f - Control Undead                 Necromancy                   4
 x - a book of Cantrips

   Spells                             Type                      Level
   a - Confusing Touch                Hexes                        1
   b - Animate Skeleton               Necromancy                   1
   c - Summon Small Mammal            Summoning                    1
   d - Apportation                    Translocation                1
Comestibles
 c - 14 bread rations
 l - 3 fruits
 G - 6 beef jerkies
 H - 2 meat rations
 J - a slice of pizza


   Skills:
 + Level 6.9 Fighting
 - Level 6.0(6.5) Maces & Flails
 + Level 3.8(5.4) Staves
 + Level 2.1 Armour
 - Level 3.1 Dodging
 - Level 2.1 Stealth
 - Level 4.2 Shields
 + Level 7.3 Spellcasting
 * Level 9.2 Necromancy


You had 8 spell levels left.
You knew the following spells:

 Your Spells              Type           Power        Failure   Level  Hunger
a - Pain                  Necr           ####         1%          1    None
b - Animate Skeleton      Necr           N/A          1%          1    None
c - Vampiric Draining     Necr           #####.....   1%          3    #......
d - Regeneration          Chrm/Necr      ###.......   6%          3    #......
e - Animate Dead          Necr           N/A          1%          4    ###....
f - Control Undead        Necr           #####.....   1%          4    ###....


Dungeon Overview and Level Annotations

Branches:
Dungeon (10/15)            Temple (1/1) D:4            Lair (0/6) D:8
    Orc: D:9-12

Altars:
Ashenzari
Elyvilon
Fedhas
Gozag
Hepliaklqana
Kikubaaqudgha
Makhleb
Nemelex Xobeh
Okawaru
Qazlal
Ru
Sif Muna
Uskayaw
Xom
Yredelemnul
Zin
The Shining One

Shops:
D:7 *   D:8 (

Annotations:
D:3 Grinder


Innate Abilities, Weirdness & Mutations

You are resistant to torment.
Your stone body is resilient. (AC +7)
You are immune to poison.
You resist negative energy. (rN+)
You are resistant to electric shocks. (rElec)
You can survive without breathing.
You are immune to petrification.
You are immune to rotting.


Message History

The hill giant is heavily wounded.
You feel life coursing into your body.
Casting: Vampiric Draining
Confirm with . or Enter, or press ? or * to list all spells.
Aiming: Vampiric Draining
Press: ? - help, Shift-Dir - straight line, f/p - hill giant
Aim: a hill giant, wielding a giant club (heavily wounded)
The hill giant is severely wounded.
You feel life coursing into your body.
The hill giant hits you with a giant club!!
Casting: Vampiric Draining
Confirm with . or Enter, or press ? or * to list all spells.
Aiming: Vampiric Draining
Press: ? - help, Shift-Dir - straight line, f/p - hill giant
Aim: a hill giant, wielding a giant club (severely wounded)
The hill giant is almost dead.
You feel life coursing into your body.
The hill giant hits you with a giant club!!!
Ouch! That really hurt!
You die...

≈#####≈..# , *
#.≈#...#≈..######*
#.≈#.∩))≈........
#....
#.≈#...#≈........
#.>.#
#.≈#####≈...##...
#...#
#.≈≈≈≈≈≈≈....>...
#).?#
#................
,#...#
###.#....C.....>.
#...# #......@.......
,##....
###?....######+
,,#..<). #.....#, , ,
, #..#.. #[....# , , ,
#..#.. #.....#, , ,
+..#..
#.....####+######.....
#........Z............
#.........##..........
#..##.....##....####..


You could see a hill giant.

Vanquished Creatures
  A hydra (D:8)
  The ghost of Aviraven the Grappler, a novice DrTm of Makhleb (D:8)
  Pikel (D:5)
  An orc knight (Bailey)
  A two-headed ogre (D:8)
  A hippogriff (D:8)
  A yak (D:8)
  The ghost of Aviraven the Ruffian, an amateur DrTm (D:4)
  4 water moccasins
  2 porcupines (D:8)
  A sky beast (D:8)
  4 orc warriors
  An ice beast (D:9)
  2 slaves (D:5)
  3 phantoms
  3 black bears
  3 centaurs
  7 ogres
  A big kobold (D:4)
  8 bullfrogs
  A wyvern skeleton (D:9)
  7 scorpions
  A water moccasin skeleton (D:9)
  6 killer bees (D:7)
  2 howler monkeys
  A crimson imp (D:7)
  A bullfrog zombie (D:8)
  17 orc wizards
  A centaur skeleton (D:8)
  3 orc priests
  A bullfrog skeleton (D:6)
  3 hounds
  Crazy Yiuf (D:6)
  3 iguanas
  9 worker ants
  A howler monkey skeleton (D:7)
  A gnoll (D:3)
  15 adders
  A shadow imp (D:6)
  2 oozes
  2 adder skeletons
  An adder zombie (D:5)
  A worm (D:1)
  3 dart slugs
  4 leopard geckos
  45 orcs
  4 giant cockroaches
  14 goblins
  14 hobgoblins
  7 jackals
  39 kobolds
  10 quokkas
  A ball python (D:3)
  4 bats
  5 frilled lizards
  A jackal skeleton (D:6)
  4 rats
  A plant (D:2)
284 creatures vanquished.

Vanquished Creatures (collateral kills)
  A black bear (D:9)
  A centaur (D:6)
  A scorpion (D:8)
  A killer bee (D:7)
  3 crimson imps
  A centaur zombie (D:6)
  An orc wizard (D:6)
  A hound zombie (D:6)
  An adder (D:6)
  A dart slug (D:1)
  2 orcs (D:6)
  A giant cockroach (D:8)
  2 quokka skeletons
  A fungus (D:8)
  A plant (D:8)
19 creatures vanquished.

Vanquished Creatures (others)
  A scorpion (D:5)
  A howler monkey (D:5)
  A worker ant (D:5)
  2 adders (D:5)
  A shadow imp (D:5)
  5 fungi (D:8)
  5 plants
16 creatures vanquished.

Grand Total: 319 creatures vanquished

Notes
Turn   | Place    | Note
-------+----------+-------------------------------------------
     0 | D:1      | AlphabetPasta the Gargoyle Necromancer began the quest for the Orb.
     0 | D:1      | Reached XP level 1. HP: 10/10 MP: 3/3
     2 | D:1      | Learned a level 1 spell: Animate Skeleton
   298 | D:1      | Reached XP level 2. HP: 12/16 MP: 0/5
   768 | D:1      | Reached XP level 3. HP: 18/20 MP: 4/6
   772 | D:1      | Reached skill level 1 in Maces & Flails
   777 | D:1      | Learned a level 3 spell: Vampiric Draining
   990 | D:1      | Reached skill level 1 in Fighting
  1278 | D:2      | Found a shattered altar of Ashenzari.
  1281 | D:2      | Became a worshipper of Ashenzari the Shackled
  1397 | D:2      | Found a sacrificial altar of Ru.
  1778 | D:2      | Reached XP level 4. HP: 20/25 MP: 7/7
  2163 | D:2      | Found a sparkling altar of Nemelex Xobeh.
  2164 | D:2      | Found a basalt altar of Yredelemnul.
  2693 | D:3      | Reached skill level 4 in Necromancy
  2874 | D:3      | Reached XP level 5. HP: 21/30 MP: 9/9
  3101 | D:3      | Noticed a phantom
  3275 | D:3      | Found an iron altar of Okawaru.
  3759 | D:3      | Noticed Grinder
  3884 | D:3      | Reached * piety under Ashenzari
  4261 | D:4      | Learned a level 3 spell: Vampiric Draining
  4280 | D:4      | Found a staircase to the Ecumenical Temple.
  4299 | D:4      | Reached XP level 6. HP: 17/36 MP: 10/10
  4316 | Temple   | Entered the Ecumenical Temple
  4677 | D:4      | Found an opulent altar of Gozag.
  5153 | D:4      | Reached XP level 7. HP: 38/41 MP: 12/12
  5262 | D:4      | Noticed Aviraven's ghost (amateur DrTm)
  5273 | D:4      | Killed Aviraven's ghost
  5273 | D:4      | Reached skill level 5 in Necromancy
  5429 | D:5      | Entered Level 5 of the Dungeon
  5429 | D:5      | Noticed Pikel
  5810 | D:5      | Found a sacrificial altar of Ru.
  5897 | D:5      | Reached XP level 8. HP: 44/48 MP: 14/14
  5932 | D:5      | Killed Pikel
  5932 | D:5      | Reached skill level 6 in Necromancy
  6273 | D:5      | Reached skill level 5 in Fighting
  6296 | D:5      | Learned a level 3 spell: Regeneration
  6301 | D:5      | Learned a level 4 spell: Animate Dead
  6306 | D:5      | Learned a level 4 spell: Control Undead
  6386 | D:5      | Reached skill level 5 in Spellcasting
  6487 | D:5      | Found a glowing silver altar of Zin.
  6590 | D:5      | Reached XP level 9. HP: 40/54 MP: 16/16
  7184 | D:6      | Reached skill level 5 in Maces & Flails
  7206 | D:6      | Reached skill level 7 in Necromancy
  7658 | D:6      | Reached ** piety under Ashenzari
  7665 | D:6      | Found a runed door.
  7669 | D:6      | Noticed Crazy Yiuf
  7673 | D:6      | Killed Crazy Yiuf
  7755 | D:6      | Found a hide-covered altar of Uskayaw.
  7755 | D:6      | Found a deep blue altar of Sif Muna.
  7761 | D:6      | Found an ancient bone altar of Kikubaaqudgha.
  7761 | D:6      | Found a white marble altar of Elyvilon.
  8149 | D:7      | Reached skill level 1 in Shields
  8476 | D:7      | Found Peabb's Serpentskin Sales.
  8680 | D:7      | Reached XP level 10. HP: 57/60 MP: 19/19
  8846 | D:7      | Found a glowing golden altar of the Shining One.
  9093 | D:7      | Reached skill level 8 in Necromancy
  9329 | D:8      | Noticed Aviraven's ghost (novice DrTm)
  9331 | D:8      | Found a staircase to the Lair.
  9338 | D:8      | Reached skill level 1 in Staves
  9397 | D:8      | Killed Aviraven's ghost
  9507 | D:8      | Noticed a six-headed hydra
  9606 | D:8      | Killed a six-headed hydra
  9665 | D:8      | Upgraded the game from 0.20-a0-208-g55166f7 to 0.20-a0-210-gd6c29eb
  9908 | D:8      | Found a shimmering altar of Xom.
 10071 | D:8      | Found Plog's Weapon Boutique.
 10671 | D:9      | Reached XP level 11. HP: 59/66 MP: 21/21
 10733 | D:9      | Reached skill level 9 in Necromancy
 10793 | D:9      | Found a blossoming altar of Fedhas.
 11003 | D:9      | Reached skill level 1 in Armour
 11344 | D:10     | Entered Level 10 of the Dungeon
 11447 | D:10     | Reached *** piety under Ashenzari
 11455 | D:10     | Found a flagged portal.
 11479 | Bailey   | Entered a bailey
 11529 | Bailey   | Noticed an orc knight
 11558 | Bailey   | Killed an orc knight
 11858 | Bailey   | Found a burning altar of Makhleb.
 11965 | D:10     | Noticed a hill giant
 11995 | D:10     | Mangled by a hill giant

Vault maps used:
D:1:      minmay_arrival_five_plusses
D:2:      wad_woods_stonehenge, ashenzari_conservatory_becter,
          chequers_temple_overflow_statue_of_worship, first_bread
D:3:      okawaru_altar_gauntlet_db, serial_glass, glass_columns_a,
          glass_columns_b, glass_columns_b, glass_columns_a, uniq_grinder
D:4:      kennysheep_kobold_camp, nicolae_gozag_cash_rules_everything_around_me
D:5:      zin_statuary, hangedman_ru_absence, st_stairs_10,
          minmay_misc_feat_alley, kennysheep_big_empty_room,
          minmay_misc_feat_ornament, grunt_ministairs_13, uniq_pikel
D:6:      grunt_temple_overflow_open, uniq_crazy_yiuf_cottage
D:7:      marbit_many_paths, serial_glass, glass_columns_a, glass_columns_b,
          grunt_ogre_cave, guppyfry_shop_venom
D:8:      due_lair_maze_entry_diamond, basic_altar, serial_shops, shop_statue,
          minmay_item_behind_shaft
D:9:      lemuel_doored_altar, st_stairs_11, hangedman_decor_push
D:10:     erik_orc_4, enter_bailey_3, hangedman_abyss_or_decor_stagger,
          minivault_24
Temple:   compressed_dpeg_triangle_lava_temple
Bailey:   bailey_axe_3, bailey

Skill      XL: |  1  2  3  4  5  6  7  8  9 10 11 |
---------------+----------------------------------+-----
Maces & Flails | 1 2 3 4 5 6 |  6.0
Fighting       | 1 2 3 5 6 |  6.9
Necromancy     | 4 5 6 7 8 9 |  9.2
Spellcasting   | 3 4 5 6 7 |  7.3
Shields        | 3 4 |  4.2
Staves         | 3 |  3.8
Dodging        | 3 |  3.1
Armour         | 2 |  2.1
Stealth        | |  2.1

Action                   |  1- 3 |  4- 6 |  7- 9 | 10-12 || total
-------------------------+-------+-------+-------+-------++-------
Melee: Club              |    28 |   168 |       |       ||   196
       Flail             |       |    20 |   110 |    54 ||   184
       Staff             |       |       |       |   163 ||   163
Throw: Javelin           |       |     3 |       |       ||     3
 Cast: Pain              |    68 |   142 |   228 |   247 ||   685
       Animate Skeleton  |    11 |    10 |    13 |    13 ||    47
       Vampiric Draining |       |     9 |    28 |    42 ||    79
       Animate Dead      |       |       |     8 |    12 ||    20
       Control Undead    |       |       |       |     2 ||     2
       Regeneration      |       |       |       |     4 ||     4
Evoke: Wand              |       |     5 |       |     6 ||    11
  Use: Scroll            |     5 |     6 |     9 |     3 ||    23
       Potion            |       |       |     1 |     4 ||     5
 Stab: Sleeping          |     2 |       |     1 |     1 ||     4
       Distracted        |       |       |     1 |     2 ||     3
  Eat: Chunk             |     4 |     8 |    10 |    11 ||    33
       Pizza             |       |     1 |       |     1 ||     2
       Bread ration      |       |     1 |       |       ||     1
       Royal jelly       |       |       |     1 |       ||     1
Armor: Robe              |    23 |    30 |   104 |    86 ||   243
Dodge: Dodged            |    39 |    71 |   159 |   263 ||   532
Block: Buckler           |       |       |    22 |    76 ||    98
